 Dungeon Crawl Stone Soup version 0.25.1-9-gc5326a611f (webtiles) character file.

Game seed: 9058685138791466096

5471 pokeman the Thaumaturge (level 10, -1/56 HPs)
             Began as a Deep Elf Wizard on Dec 24, 2020.
             Was a Priest of Vehumet.
             Slain by a merfolk
             ... wielding a +0 spear
              (16 damage)
             ... on level 9 of the Dungeon.
             The game lasted 00:29:34 (13787 turns).

pokeman the Thaumaturge (Deep Elf Wizard)          Turns: 13787, Time: 00:29:34

Health: -1/56      AC: 10    Str:  4    XL:     10   Next: 42%
Magic:  24/28      EV: 12    Int: 27    God:    Vehumet [***...]
Gold:   394        SH:  0    Dex: 13    Spells: 23/34 levels left

rFire    . . .     SeeInvis .   n - +2 dagger (venom)
rCold    . . .     Gourm    .   (no shield)
rNeg     . . .     Faith    .   g - +0 leather armour
rPois    .         Spirit   .   S - +0 helmet
rElec    .         Reflect  .   k - +0 cloak
rCorr    .         Harm     .   t - +0 pair of gloves
MR       +....                  (no boots)
Stlth    ++........             (no amulet)
HPRegen  0.18/turn              v - +4 ring of protection
MPRegen  0.21/turn              (no ring)

@: no status effects
A: no striking features
a: Renounce Religion


You were on level 9 of the Dungeon.
You worshipped Vehumet.
Vehumet was most pleased with you.
You were not hungry.

You visited 2 branches of the dungeon, and saw 10 of its levels.

You collected 433 gold pieces.
You spent 39 gold pieces at shops.

Inventory:

Hand Weapons
 n - a +2 dagger of venom (weapon)
 E - a +0 shortbow
Missiles
 u - 73 bolts
 F - 114 arrows
 M - 8 curare-tipped darts (quivered)
Armour
 g - a +0 leather armour (worn)
 k - a +0 cloak (worn)
 m - a +0 buckler
 t - a +0 pair of gloves (worn)
 S - a +0 helmet (worn)
Magical Staves
 K - an uncursed staff of energy
 P - an uncursed staff of earth
Jewellery
 v - a +4 ring of protection (left hand)
Wands
 A - a wand of polymorph (7)
 C - a wand of iceblast (4)
 G - a wand of random effects (17)
 O - a wand of paralysis (5)
 R - a wand of enslavement (10)
Scrolls
 c - 2 scrolls of amnesia
 h - 5 scrolls of remove curse
 i - 9 scrolls of identify
 o - 2 scrolls of enchant weapon {unknown}
 r - 2 scrolls of magic mapping {unknown}
 w - 2 scrolls of enchant armour {unknown}
 y - a scroll of noise {unknown}
 B - a scroll of fear {unknown}
 D - 2 scrolls of teleportation {unknown}
 H - a scroll of blinking {unknown}
 I - a scroll of fog {unknown}
 Q - a scroll of brand weapon {unknown}
Potions
 a - a potion of cancellation {unknown}
 e - a potion of might {unknown}
 f - 2 potions of resistance {unknown}
 j - a potion of stabbing {unknown}
 l - 3 potions of invisibility {unknown}
 p - a potion of ambrosia {unknown}
 q - 4 potions of curing {unknown}
 s - 2 potions of brilliance {unknown}
 x - a potion of magic {unknown}
 z - a potion of heal wounds {unknown}
 J - a potion of degeneration {unknown}
 L - a potion of berserk rage {unknown}
 N - a potion of flight {unknown}
Comestibles
 d - 11 rations


   Skills:
 - Level 4.0 Fighting
 - Level 3.0 Armour
 - Level 3.0 Dodging
 - Level 3.0 Stealth
 + Level 2.8 Shields
 * Level 12.9 Spellcasting
 + Level 7.5 Conjurations
 - Level 1.1 Summonings
 - Level 1.1 Translocations
 + Level 6.6 Fire Magic
 - Level 1.2 Air Magic
 - Level 1.0 Poison Magic
 - Level 1.0 Evocations


You had 23 spell levels left.
You knew the following spells:

 Your Spells              Type           Power        Failure   Level  Hunger
a - Magic Dart            Conj           ####         1%          1    None
b - Mephitic Cloud        Conj/Pois/Air  #####...     1%          3    None
c - Call Imp              Summ           ###.....     5%          2    None
d - Blink                 Tloc           N/A          5%          2    None
e - Conjure Flame         Conj/Fire      ######..     1%          3    None

Your spell library contained the following spells:

 Spells                   Type           Power        Failure   Level  Hunger
 Hailstorm                Conj/Ice       #####...     3%          4    None
 Freeze                   Ice            ###.         1%          1    None
 Dazzling Flash           Conj/Hex       #####.       1%          3    None
 Frozen Ramparts          Ice            ###...       4%          3    None
 Beastly Appendage        Tmut           ###...       5%          1    None
 Corona                   Hex            ###....      5%          1    None
 Infusion                 Chrm           ###.         5%          1    None
 Shroud of Golubria       Chrm/Tloc      ###...       7%          2    None
 Ensorcelled Hibernation  Hex/Ice        ###...       9%          2    None
 Slow                     Hex            ###.....     9%          2    None
 Song of Slaying          Chrm           ###.....     9%          2    None
 Sticks to Snakes         Tmut           ###.....     9%          2    None
 Spider Form              Tmut/Pois      ###.......   14%         3    None
 Confusing Touch          Hex            ###.....     17%         3    None
 Ozocubu's Armour         Chrm/Ice       ###.....     17%         3    None
 Spectral Weapon          Hex/Chrm       ###.....     17%         3    None
 Tukima's Dance           Hex            ###.....     17%         3    None
 Summon Ice Beast         Ice/Summ       ###.....     41%         4    None
 Ice Form                 Ice/Tmut       ###.....     50%         4    None
 Blade Hands              Tmut           ###.......   83%         5    ##.....


Dungeon Overview and Level Annotations

Branches:
Dungeon (9/15)             Temple (1/1) D:5            Lair (0/6) D:8
    Orc: D:9-12

Altars:
Ashenzari
Cheibriados
Dithmenos
Elyvilon
Fedhas
Gozag
Hepliaklqana
Kikubaaqudgha
Makhleb
Nemelex Xobeh
Okawaru
Qazlal
Ru
Sif Muna
Trog
Uskayaw
Vehumet
Wu Jian
Xom
Yredelemnul
Zin
The Shining One

Shops:
D:5 ?   D:6 *   D:7 (   D:9 ([}!

Annotations:
D:5 1 runed translucent door


Message History

The merfolk appears confused.
You barely miss the merfolk.
The merfolk is lightly wounded.
The merfolk closely misses you.
You strike the helpless merfolk from behind!
You puncture the merfolk!
The merfolk is poisoned.
The merfolk is moderately wounded.
The merfolk barely misses you.
You hit the merfolk.
The merfolk looks as sick as possible!
The merfolk is moderately wounded.
The merfolk closely misses you.
Your leather armour prevents you from hitting the merfolk.
The merfolk is moderately wounded.
The merfolk hits you with a +0 spear.
You hit the merfolk.
The merfolk looks as sick as possible!
The merfolk is heavily wounded.
The merfolk seems less confused.
The merfolk hits you with a +0 spear!
* * * LOW HITPOINT WARNING * * *
The merfolk hits you from afar with a +0 spear!
You die...

# # ###### # #....#
#
##(##.#############
#≈.†#..............
#≈@##.......>......
#≈..###############
#≈m%# #####
####################
#...................


You could see a merfolk (extremely poisoned).

Vanquished Creatures
  A troll (D:9)
  A hippogriff (D:9)
  Prince Ribbit (D:6)
  6 yaks (D:9)
  The ghost of hawla the Conjurer, an amateur DrCj of Okawaru (D:4)
  Duvessa (D:7)
  4 sky beasts
  An orc warrior (D:8)
  3 ice beasts
  4 ogres
  3 phantoms
  2 centaurs
  Blork the orc (D:6)
  2 bullfrogs
  A wyvern zombie (D:4)
  Dowan (D:7)
  4 scorpions
  A water moccasin skeleton (D:4)
  5 howler monkeys
  3 wights (D:7)
  3 vampire bats (D:8)
  3 crimson imps
  A bullfrog zombie (D:5)
  2 hounds
  4 orc priests
  A jelly (D:9)
  2 bullfrog skeletons
  10 orc wizards
  An iguana (D:6)
  Crazy Yiuf (D:6)
  9 worker ants
  A hound skeleton (D:4)
  A worker ant zombie (D:6)
  4 gnolls
  12 adders
  A shadow imp (D:6)
  4 oozes
  6 worms
  3 dart slugs
  5 leopard geckos
  36 orcs
  A ball python (D:2)
  3 bat skeletons (D:8)
  2 bat zombies (D:8)
  5 giant cockroaches
  10 goblins
  13 hobgoblins
  7 jackals
  7 quokkas
  10 bats
  7 frilled lizards
  12 kobolds
  A quokka skeleton (D:9)
  10 rats
244 creatures vanquished.

Vanquished Creatures (collateral kills)
  A hound (D:4)
  An adder (D:4)
  A gnoll (D:4)
3 creatures vanquished.

Grand Total: 247 creatures vanquished

Notes
Turn   | Place    | Note
-------+----------+-------------------------------------------
     0 | D:1      | pokeman the Deep Elf Wizard began the quest for the Orb.
     0 | D:1      | Reached XP level 1. HP: 10/10 MP: 7/7
   222 | D:1      | Reached XP level 2. HP: 5/16 MP: 0/9
   636 | D:1      | Reached skill level 5 in Spellcasting
   959 | D:1      | Reached XP level 3. HP: 20/20 MP: 4/11
   964 | D:1      | Learned a level 3 spell: Mephitic Cloud
   967 | D:1      | Learned a level 2 spell: Call Imp
   970 | D:1      | Learned a level 2 spell: Blink
   974 | D:1      | Learned a level 3 spell: Conjure Flame
  1793 | D:2      | Reached skill level 1 in Fighting
  1793 | D:2      | Reached skill level 1 in Armour
  1954 | D:2      | Reached XP level 4. HP: 24/25 MP: 13/13
  2772 | D:2      | Reached skill level 1 in Poison Magic
  2966 | D:2      | Reached skill level 6 in Spellcasting
  3121 | D:2      | Reached XP level 5. HP: 21/29 MP: 3/15
  3185 | D:3      | Noticed an ogre
  3638 | D:3      | Killed an ogre
  3638 | D:3      | Reached skill level 1 in Air Magic
  3914 | D:3      | Reached XP level 6. HP: 34/34 MP: 7/17
  4239 | D:3      | Reached skill level 7 in Spellcasting
  4468 | D:3      | Found a snail-covered altar of Cheibriados.
  4492 | D:3      | Reached skill level 1 in Fire Magic
  4532 | D:3      | Found a radiant altar of Vehumet.
  4537 | D:3      | Found a hide-covered altar of Uskayaw.
  4544 | D:3      | Became a worshipper of Vehumet
  4618 | D:3      | Found a hazy altar of Hepliaklqana.
  4947 | D:3      | Found a shimmering altar of Xom.
  5509 | D:4      | Reached XP level 7. HP: 38/39 MP: 2/20
  5815 | D:4      | Reached skill level 8 in Spellcasting
  5877 | D:4      | Found a runed translucent gate.
  5885 | D:4      | Noticed hawla's ghost (amateur DrCj)
  5886 | D:4      | Found a runed translucent gate.
  5886 | D:4      | Found a runed translucent gate.
  6541 | D:4      | Killed hawla's ghost
  6552 | D:4      | Reached * piety under Vehumet
  6552 | D:4      | Offered knowledge of Sandblast by Vehumet.
  6901 | D:5      | Entered Level 5 of the Dungeon
  6959 | D:5      | Found Nubaege's Magic Scroll Shop.
  6978 | D:5      | Bought a scroll of random uselessness for 13 gold pieces
  6978 | D:5      | Bought a scroll of identify for 26 gold pieces
  7141 | D:5      | Found a staircase to the Ecumenical Temple.
  7155 | Temple   | Entered the Ecumenical Temple
  7404 | D:5      | Reached XP level 8. HP: 44/44 MP: 19/22
  7535 | D:5      | Reached skill level 9 in Spellcasting
  7535 | D:5      | Reached skill level 1 in Evocations
  7761 | D:5      | Reached skill level 1 in Shields
  8194 | D:5      | Reached skill level 5 in Conjurations
  8198 | D:5      | Found a glowing golden altar of the Shining One.
  8198 | D:5      | Noticed an angel
  8199 | D:5      | Found a runed translucent door.
  8687 | D:6      | Noticed Prince Ribbit
  8695 | D:6      | Killed Prince Ribbit
  8695 | D:6      | Reached skill level 10 in Spellcasting
  8843 | D:6      | Offered knowledge of Freeze by Vehumet.
  8979 | D:6      | Reached ** piety under Vehumet
  9017 | D:6      | Reached XP level 9. HP: 48/48 MP: 11/25
  9154 | D:6      | Noticed Blork the orc
  9175 | D:6      | Killed Blork the orc
  9509 | D:6      | Found Inoilik's Assorted Antiques.
  9981 | D:6      | Found a runed translucent door.
  9982 | D:6      | Noticed Crazy Yiuf
  9990 | D:6      | Killed Crazy Yiuf
 10105 | D:6      | Found a basalt altar of Yredelemnul.
 10305 | D:7      | Noticed Duvessa
 10305 | D:7      | Noticed Dowan
 10319 | D:7      | Killed Duvessa
 10331 | D:7      | Killed Dowan
 10331 | D:7      | Reached skill level 11 in Spellcasting
 10331 | D:7      | Reached skill level 5 in Fire Magic
 10395 | D:7      | Found Nakhod's Antique Weapon Shoppe.
 11416 | D:8      | Offered knowledge of Inner Flame by Vehumet.
 11448 | D:8      | Found an ancient bone altar of Kikubaaqudgha.
 11621 | D:8      | Found a sparkling altar of Nemelex Xobeh.
 11735 | D:8      | Found a staircase to the Lair.
 11785 | D:8      | Reached *** piety under Vehumet
 12066 | D:8      | Reached skill level 12 in Spellcasting
 12274 | D:9      | Reached XP level 10. HP: 53/56 MP: 22/28
 12335 | D:9      | Offered knowledge of Hailstorm by Vehumet.
 12748 | D:9      | Noticed a gargoyle
 13222 | D:9      | Found Suqukuha's Antique Armour Boutique.
 13224 | D:9      | Found Oharon's Distillery.
 13224 | D:9      | Found Loguiff's Antique Weapon Boutique.
 13224 | D:9      | Found Totzudoj's Gadget Boutique.
 13787 | D:9      | Slain by a merfolk

Illustrated notes

Levels and vault maps discovered:
D:1:      mrwooster_arrival_statue_3, layout_basic, minivault_19,
          grunt_decor_one_mirror, minmay_distorted
D:2:      layout_basic
D:3:      minmay_inner_zag, layout_rooms, lemuel_crystal_altar,
          amethyst_overflow_temple_binary, lemuel_round_altar,
          old_standard_altar, eino_curves_03
D:4:      layout_basic, first_ration, gammafunk_ghost_split
D:5:      layout_basic, minmay_temple_entry_offerings, serial_shops,
          shop_fountains, lemuel_angel_altar
D:6:      layout_basic, basic_altar, serial_shops, nicolae_shop_stone,
          grunt_decor_resistance, nicolae_benzene_ring, uniq_prince_ribbit1,
          uniq_crazy_yiuf_cottage, uniq_blork_the_orc
D:7:      layout_rooms, serial_shops, nicolae_shop_crystal, uniq_duvessa
D:8:      layout_gridville, nemelex_xobeh_ov_fountains_minmay,
          kennysheep_vampire_church, lair_entry_dummy, minivault_5
D:9:      layout_long_grid, hangedman_fish_farm, minmay_shop_grid_forest
Temple:   regret_index_temple_generic_petals

Skill      XL: |  1  2  3  4  5  6  7  8  9 10 |
---------------+-------------------------------+-----
Spellcasting   | 5 6 7 8 10 12 | 12.9
Conjurations   | 2 3 4 5 6 7 |  7.5
Fighting       | 1 2 3 4 |  4.0
Armour         | 1 3 |  3.0
Poison Magic   | 1 |  1.0
Dodging        | 3 |  3.0
Stealth        | 3 |  3.0
Air Magic      | 1 |  1.2
Fire Magic     | 1 3 4 6 |  6.6
Evocations     | 1 |  1.0
Shields        | 2 |  2.8
Summonings     | |  1.1
Translocations | |  1.1

Action                   |  1- 3 |  4- 6 |  7- 9 | 10-12 || total
-------------------------+-------+-------+-------+-------++-------
Melee: Unarmed           |     2 |       |       |       ||     2
       Dagger            |     4 |    56 |   121 |    27 ||   208
 Fire: Shortbow          |       |       |       |    75 ||    75
 Cast: Magic Dart        |    91 |   209 |   318 |    48 ||   666
       Mephitic Cloud    |       |     9 |    30 |     7 ||    46
       Blink             |       |     2 |       |     1 ||     3
       Conjure Flame     |       |       |    21 |    13 ||    34
       Call Imp          |       |       |     4 |     1 ||     5
Evoke: Wand              |       |       |       |     3 ||     3
  Use: Scroll            |       |       |     2 |       ||     2
 Stab: Sleeping          |       |     2 |       |       ||     2
       Distracted        |       |     1 |       |       ||     1
       Confused          |       |     3 |     4 |     7 ||    14
  Eat: Chunk             |     3 |    11 |    17 |     2 ||    33
       Ration            |       |       |     1 |     1 ||     2
Armor: Leather armour    |     3 |    28 |    60 |    14 ||   105
Dodge: Dodged            |    22 |    61 |   112 |    20 ||   215
